[Event "*** Titled Tuesday Blitz"]
[Site "Chess.com"]
[Date "2020.12.29"]
[Round "2"]
[White "GelmanAlexander"]
[Black "ChristopherYoo"]
[Result "1-0"]
[WhiteElo "2576"]
[BlackElo "2870"]
[TimeControl "180+1"]
[EndTime "10:18:46 PST"]
[Termination "GelmanAlexander won by resignation"]

1. d4 Nf6 2. Nc3 d5 3. Bf4 a6 4. e3 b5 5. a3 e6 6. g4 c5 7. g5 Nfd7 8. h4 Be7 9. Bg2 Bb7 10. Nf3 Nc6 11. O-O Rc8 12. Ne2 Nb6 13. c3 Bd6 14.
h5 h6 15. g6 fxg6 16. hxg6 Ne7 17. Bxd6 Qxd6 18. Nf4 Nd7 19. b4 cxb4 20. cxb4 O-O 21. Qd3 e5 22. dxe5 Nxe5 23. Nxe5 Qxe5 24. Rad1 Rc3 25. Qd2 Rxa3 26. Rc1 Rb3 27. Rc5 Qd6 28. Rd1 Nxg6 29. Qc2 Rxb4 30. Qxg6 Qxc5 31. Rxd5 Bxd5 32. Bxd5+ Kh8 33. Be4 Rxe4 34. Qxe4 Qg5+ 35. Kf1 Qf5 36. Ng6+ Qxg6 37. Qxg6 a5 38. Qb6 a4 39. Qxb5 Ra8 40. Qb2 a3 41. Qa2 h5 42. Kg2 Kh7 43. Kg3 g5 44. f4 Kg6 45. Qb1+ Kf6 46. Qb6+ Kf5 47. Qb5+ Ke4 48. Qc6+ Kxe3 49. Qxa8 gxf4+ 50. Kg2 h4 51. Qxa3+ 1-0

[Event "*** Titled Tuesday Blitz"]
[Site "Chess.com"]
[Date "2020.12.29"]
[Round "2"]
[White "Logman74"]
[Black "mat_kolosowski"]
[Result "1-0"]
[WhiteElo "2358"]
[BlackElo "2694"]
[TimeControl "180+1"]
[EndTime "10:18:46 PST"]
[Termination "Logman74 won by resignation"]

1. d4 Nf6 2. c4 g6 3. Nc3 d5 4.
cxd5 Nxd5 5. e4 Nxc3 6. bxc3 Bg7 7. Bc4 c5 8. Ne2 O-O 9. Be3 Nc6 10. O-O Bg4 11. f3 Bd7 12. Rc1 Rc8 13. e5 Na5 14. Bd3 Be6 15. Qa4 Bxe5 16. Bxg6 Bxh2+ 17. Kxh2 fxg6 18. dxc5 Nc4 19. Bd4 Bd5 20. Ng3 e5 21. Bf2 Qg5 22. Rcd1 Be6 23. Ne4 Qh6+ 24. Kg1 Ne3 25.
Bxe3 Qxe3+ 26. Rf2 Rcd8 27. Rd6 Rxd6 28. cxd6 Rd8 29. Qa5 Qc1+ 30. Kh2 Qf4+ 31. Kg1 Qc1+ 32. Kh2 Qf4+ 33. g3 Qh6+ 34. Kg1 Qc1+ 35. Kg2 Rf8 36. Qxe5 Bh3+ 37. Kh2 h5 38. Qg5 Qxg5 39. Nxg5 Bd7 40. Re2 Re8 41. Rxe8+ Bxe8 42. f4 Kf8 43. Kg2 Bc6+ 44.
Kf2 Bd5 45. Ke3 Bxa2 46. Kd4 Bb3 47. c4 a5 48. c5 a4 49. Kc3 Ke8 50. Kb4 Kd7 51. Nf3 Bd5 52. Ne5+ Kd8 53. Nxg6 Bc6 54. Ne5 h4 55. gxh4 1-0

[Event "*** Titled Tuesday Blitz"]
[Site "Chess.com"]
[Date "2020.12.29"]
[Round "2"]
[White "Alexander_Moskalenko"]
[Black "TregubovP"]
[Result "1/2-1/2"]
[WhiteElo "2836"]
[BlackElo "2559"]
[TimeControl "180+1"]
[EndTime "10:18:48 PST"]
[Termination "Game drawn - insufficient material"]

1. c4 c5 2. Nf3 Nc6 3. Nc3 Nf6 4.
e3 e6 5. d4 d5 6. cxd5 exd5 7.
Bb5 Bd6 8. dxc5 Bxc5 9. O-O O-O 10. b3 Bg4 11. Bb2 d4 12. Na4 Qa5 13. Bxc6 bxc6 14.
Nxc5 Qxc5 15. Qxd4 Qh5 16. Qf4 Nd5 17. Qg3 f6 18.
Rac1 Rac8 19. Rc5 Bxf3 20. Qxf3 Qxf3 21. gxf3 Nb4 22. Rc4 Nd3 23. Ba3 Rfd8 24. f4 Rd5 25. Rd1 Nxf4 26. Rxd5 Nxd5 27. Ra4 Rc7 28. Bd6 Rd7 29.
Bc5 Nc3 30. Ra6 Rd1+ 31. Kg2 Ne4 32. Bxa7 Rd2 33. a4 Rxf2+ 34. Kg1 Rb2 35. Rxc6 Rxb3 36.
a5 Ra3 37. a6 Kf7 38. Bd4 Ng5 39. Kg2 Ne6 40. a7 Nxd4 41. Rc7+ Ke6 42. exd4 g5 43.
Rxh7 f5 44. h3 f4 45. Rh5 Kf5 46. h4 Rxa7 47. Rxg5+ Ke4 48. d5 Ra2+ 49. Kh3 Kf3 50. h5 Ra1 51. Rg2 Rh1+ 52. Rh2 Rd1 53. h6 Rxd5 54.
Kh4 Ke3 55. h7 Rd8 56. Kg5 f3 57. Rh3 Ke2 58. h8=Q Rxh8 59. Rxh8 f2 60. Re8+ Kd2 61.
Rf8 Ke2 62. Re8+ Kd2 63. Rf8 Ke2 64. Kh4 f1=Q 65. Rxf1 Kxf1 1/2-1/2

[Event "*** Titled Tuesday Blitz"]
[Site "Chess.com"]
[Date "2020.12.29"]
[Round "2"]
[White "norwaytoadog"]
[Black "chessablanca"]
[Result "0-1"]
[WhiteElo "2203"]
[BlackElo "2618"]
[TimeControl "180+1"]
[EndTime "10:18:48 PST"]
[Termination "chessablanca won on time"]

1. e4 e5 2. Nf3 Nc6 3. Bb5 a6 4.
Ba4 Nf6 5. O-O Be7 6. Re1 b5 7. Bb3 d6 8. c3 O-O 9. h3 Na5 10. Bc2 c5 11. d4 cxd4 12. cxd4 Nc6 13. Nc3 Qc7 14. Ne2 Bd7 15. Be3 Nb4 16. Bb1 Rac8 17. Nc3 Nc6 18. d5 Na5 19. Ne2 Nc4 20. Bc1 Ne8 21.
b3 Nb6 22. Be3 f5 23. exf5 Bxf5 24. Bxf5 Rxf5 25. Rc1 Qb7 26. Bxb6 Rxc1 27. Qxc1 Qxb6 28. Qc8 Rf8 29. Qe6+ Rf7 30. Rc1 Kf8 31. Rc6 Qb7 32.
Rc8 Rf6 33. Qg4 h5 34. Rxe8+ Kxe8 35. Qxh5+ Kd7 36. Qg4+ Kd8 37. Qxg7 Qxd5 38. Ng5 Qd1+ 39. Kh2 Qxe2 40. Qg8+ Kc7 41. Qg7 Kd7 42. Nh7 Qxf2 43. Nxf6+ Qxf6 44. Qg4+ Qe6 45. Qb4 d5 46. Qa5 Qc6 47.
Qd2 e4 48. a4 bxa4 49. bxa4 Bd6+ 50. Kh1 d4 51. h4 e3 52. Qd3 Qc1+ 0-1

[Event "*** Titled Tuesday Blitz"]
[Site "Chess.com"]
[Date "2020.12.29"]
[Round "2"]
[White "No_t_ime_to_die"]
[Black "ShapkinAnatoliy"]
[Result "0-1"]
[WhiteElo "2476"]
[BlackElo "2702"]
[TimeControl "180+1"]
[EndTime "10:18:49 PST"]
[Termination "ShapkinAnatoliy won by resignation"]

1. e4 e5 2. Nf3 Nc6 3. d4 exd4 4. Bc4 Nf6 5. e5 d5 6. Bb5 Ne4 7. Nxd4 Bd7 8. Bxc6 bxc6 9. O-O Be7 10. f4 O-O 11. f5 Re8 12. e6 Bc8 13. Nxc6 Bc5+ 14. Nd4 fxe6 15. fxe6 Bxe6 16. Be3 Qd6 17. Nd2 Nxd2 18.
Qxd2 Bd7 19. Kh1 Bb6 20. b4 Re4 21. Qf2 Qe7 22. Rae1 Re8 23. c3 h6 24. Bd2 c5 25.
Rxe4 dxe4 26. Nf5 Bxf5 27. Qxf5 e3 28. Re1 cxb4 29. cxb4 Qf7 30. Qxf7+ Kxf7 31. Bc3 e2 32. Rb1 Bf2 33. Be1 Bd4 34. g3 Ke6 35. Kg2 Kd5 36. Kf3 Kc4 37. Bd2 Kd3 38. Be1 Rf8+ 39. Kg2 Rf1 40.
Rb3+ Ke4 41. Rb1 Bc3 42. Rc1 Bxe1 43. Rc4+ Kd3 44. Rc7 Bc3 45. Rd7+ Bd4 46. Re7 e1=Q 47. Rxe1 Rxe1 0-1

[Event "*** Titled Tuesday Blitz"]
[Site "Chess.com"]
[Date "2020.12.29"]
[Round "2"]
[White "TokChess"]
[Black "Xeslu"]
[Result "1-0"]
[WhiteElo "2475"]
[BlackElo "2290"]
[TimeControl "180+1"]
[EndTime "10:18:49 PST"]
[Termination "TokChess won on time"]

1. e4 c5 2. Nf3 Nc6 3. Bb5 g6 4. c3 Bg7 5. O-O Nf6 6. Re1 Qb6 7. Ba4 O-O 8. d3 d6 9. Nbd2 a6 10. Bc2 Bg4 11. h3 Bxf3 12. Qxf3 Rac8 13. h4 Qc7 14.
Nf1 b5 15. Ng3 b4 16. h5 bxc3 17. bxc3 Qa5 18. Bd2 Nd4 19. Qd1 Nxc2 20. Qxc2 Nd7 21.
Rab1 Rb8 22. h6 Bf6 23. Rxb8 Rxb8 24. Rb1 Rb5 25. Nf1 Qb6 26. Rb3 Ne5 27. c4 Rxb3 28. axb3 Nc6 29. Be3 Bd4 30. Qa2 e6 31. Qa4 f5 32.
Bxd4 cxd4 33. Ng3 Kf7 34. Ne2 Ke7 35. Nf4 a5 36. Nxg6+ hxg6 37. h7 Qb8 38. Qxc6 Qh8 39. Qc7+ Kf6 40. Qa7 e5 41. Qd7 fxe4 42. Qxd6+ Kg5 43.
Qe7+ Kh6 44. dxe4 Qxh7 45. Qxe5 Qd7 46. Qd5 Qxd5 47. exd5 Kg7 48. Kf1 Kf6 49. Ke2 Ke5 50. Kd3 g5 51. f3 Kd6 52. Kxd4 1-0

[Event "*** Titled Tuesday Blitz"]
[Site "Chess.com"]
[Date "2020.12.29"]
[Round "2"]
[White "Snowflake"]
[Black "Grammnik"]
[Result "0-1"]
[WhiteElo "2457"]
[BlackElo "2309"]
[TimeControl "180+1"]
[EndTime "10:18:49 PST"]
[Termination "Grammnik won by checkmate"]

1. Nf3 Nf6 2. c4 c5 3. g3 d5 4. Bg2 Nc6 5. cxd5 Nxd5 6. O-O e5 7. d3 Be7 8. Nc3 Be6 9. Ng5 Bxg5 10. Bxg5 f6 11. Bd2 O-O 12. Rc1 Qd7 13. a3 Rac8 14. Ne4 b6 15. h4 Kh8 16. e3 Bh3 17. Qe2 Rfd8 18. Rfd1 Bxg2 19. Kxg2 h6 20. h5 f5 21. Nc3 Nf6 22. Be1 Qb7 23. Kg1 Qf7 24. Rb1 Qb3 25. Kg2 e4 26. dxe4 fxe4 27. Rxd8+ Rxd8 28. Rd1 Rxd1 29. Nxd1 Qf7 30. Bc3 Qxh5 31. Qxh5 Nxh5 32. b4 cxb4 33.
axb4 a5 34. b5 Na7 35. Bd4 Nxb5 36. Bxb6 a4 37. Bd4 Nf6 38. Ba1 Nd5 39. f3 exf3+ 40. Kxf3 Kg8 41. e4 Nb4 42. Ne3 a3 43. Nc4 Nc2 44.
Be5 a2 45. Nd2 Nbd4+ 46. Bxd4 Nxd4+ 47. Kg4 a1=Q 48. Nc4 Qc3 49. Ne5 Ne6 50. Kf5 Ng5 51. Ng6 Qf6+ 52. Kg4 Qxg6 53. e5 Qe4+ 54. Kh5 Qe2+ 55.
Kh4 Qxe5 56. Kg4 Qe4+ 57. Kh5 Kh7 58. g4 Qh1# 0-1

[Event "*** Titled Tuesday Blitz"]
[Site "Chess.com"]
[Date "2020.12.29"]
[Round "2"]
[White "DenLaz"]
[Black "Natalya_Buksa"]
[Result "1-0"]
[WhiteElo "2828"]
[BlackElo "2536"]
[TimeControl "180+1"]
[EndTime "10:18:50 PST"]
[Termination "DenLaz won by checkmate"]

1. d4 d5 2. c4 e6 3. Nf3 Nf6 4.
Nc3 Be7 5. Bf4 O-O 6. e3 b6 7. Bd3 dxc4 8. Bxc4 Bb7 9. O-O a6 10. a4 c5 11. Qe2 Nc6 12. Rfd1 cxd4 13. Nxd4 Nxd4 14.
Rxd4 Qe8 15. Rc1 Bc5 16. Rdd1 Qc6 17. f3 h6 18. Kh1 Rfe8 19. e4 Nh5 20. Be5 f6 21. Bd4 Kh8 22. Qe3 Qc7 23. Bxc5 bxc5 24. Ne2 Rad8 25. g4 f5 26. gxh5 fxe4 27. fxe4 Qe5 28.
Ng3 Rd4 29. Rxd4 cxd4 30. Qe2 Rf8 31. Bd3 a5 32. Rf1 Rc8 33. Qd2 Bc6 34. Rc1 Qd6 35.
b3 Rf8 36. Kg1 Bb7 37. Rf1 Rxf1+ 38. Bxf1 Qc5 39. Qf2 e5 40. Bc4 Bc6 41. Qf7 d3+ 42. Kg2 Bd5 43. Bxd5 Qc2+ 44. Kh3 Qc8+ 45. Be6 Qd8 46.
Nf1 d2 47. Nxd2 Qd3+ 48. Nf3 Qf1+ 49. Kg3 Qxf3+ 50. Kxf3 Kh7 51. Qg8# 1-0

[Event "*** Titled Tuesday Blitz"]
[Site "Chess.com"]
[Date "2020.12.29"]
[Round "2"]
[White "pichonazo"]
[Black "Lagmantr"]
[Result "1/2-1/2"]
[WhiteElo "2543"]
[BlackElo "2787"]
[TimeControl "180+1"]
[EndTime "10:18:50 PST"]
[Termination "Game drawn by repetition"]

1. e4 c6 2. d4 d5 3. exd5 cxd5 4. c4 Nf6 5. Nc3 g6 6. cxd5 Bg7 7. Qb3 O-O 8. Be2 Nbd7 9. Bf3 Nb6 10. Nge2 Bg4 11.
Bxg4 Nxg4 12. Bf4 Nf6 13. d6 exd6 14. O-O Re8 15. Rfe1 Rc8 16. Nb5 Ne4 17. Ng3 Qf6 18. Nxe4 Qxf4 19. Nexd6 Rxe1+ 20. Rxe1 Rc1 21. Rd1 a6 22. g3 Rxd1+ 23. Qxd1 Qf6 24. Ne4 Qd8 25. Nbd6 h6 26. Nxb7 Qd5 27. Nbc5 Bxd4 28. Qd2 Kf8 29. Qxh6+ Ke7 30. Qd2 Bxc5 31. Qxd5 Bxf2+ 32. Kxf2 Nxd5 33. Nc5 Nc7 34. Ke3 Kd6 35. Kd4 f5 36. a4 g5 37.
b4 f4 38. gxf4 gxf4 39. Nd3 Nd5 40. h4 f3 41. b5 axb5 42. axb5 Nf4 43. Nf2 Ne6+ 44.
Ke4 Kc5 45. h5 Kxb5 46. Kf5 Nf8 47. Kf6 Kc5 48. h6 Kd4 49. Ng4 Ke4 50. Kg7 Ne6+ 51.
Kf7 Ng5+ 52. Kg6 Kf4 53. Nf2 Ne6 54. Kf6 Nf8 55. Kf7 Nh7 56. Kg6 Kg3 57. Ne4+ Kf4 58. Nf2 Kg3 59. Ne4+ Kf4 60. Nf2 1/2-1/2

[Event "*** Titled Tuesday Blitz"]
[Site "Chess.com"]
[Date "2020.12.29"]
[Round "2"]
[White "Kale36"]
[Black "Slovak_fighter2000"]
[Result "0-1"]
[WhiteElo "2295"]
[BlackElo "2478"]
[TimeControl "180+1"]
[EndTime "10:18:50 PST"]
[Termination "Slovak_fighter2000 won on time"]

1. b3 d5 2. Bb2 Bg4 3. f3 Bf5 4. e4 dxe4 5. Qe2 Nf6 6. Qb5+ Bd7 7. Qxb7 Nc6 8. Qb5 e6 9. Qe2 exf3 10. Nxf3 Bd6 11.
Nc3 O-O 12. O-O-O Qe7 13. Kb1 Ba3 14. Ba1 Rab8 15. Ne5 Nxe5 16. Qxe5 Qc5 17. Qxc5 Bxc5 18. Bd3 Bc6 19. Rhe1 Bxg2 20. Ne4 Nxe4 21. Bxe4 Bxe4 22. Rxe4 Rfd8 23. d4 Bf8 24. c4 g6 25. d5 exd5 26.
Rxd5 Rxd5 27. cxd5 Rd8 28. Rc4 Bd6 29. Bf6 Re8 30.
h4 h6 31. Ra4 Ra8 32. Kc2 Kh7 33. Kd3 Bc5 34. Kc4 Bb6 35. Kb5 Re8 36. Bd4 Re2 37. Bxb6 axb6 38. Kc6 Rc2+ 39. Rc4 Rd2 40. Kxc7 Rxd5 41.
Kxb6 g5 42. hxg5 hxg5 43. a4 f5 44. a5 g4 45. a6 Rd6+ 46. Kb7 Rd7+ 47. Kc6 Rg7 48. Kb6 g3 49. a7 g2 50. a8=Q g1=Q+ 51. Rc5 Rg6+ 52. Kb5 Qf1+ 53. Ka5 Qa1+ 0-1

[Event "*** Titled Tuesday Blitz"]
[Site "Chess.com"]
[Date "2020.12.29"]
[Round "2"]
[White "Sacbutt"]
[Black "1f3_2g41-0"]
[Result "0-1"]
[WhiteElo "2210"]
[BlackElo "2430"]
[TimeControl "180+1"]
[EndTime "10:18:51 PST"]
[Termination "1f3_2g41-0 won by checkmate"]

1. d4 Nf6 2. c4 g6 3. Nc3 d5 4.
cxd5 Nxd5 5. e4 Nxc3 6. bxc3 Bg7 7.
Nf3 c5 8. Rb1 O-O 9. Be2 Nc6 10.
d5 Na5 11. O-O e5 12. h3 b6 13. Bg5 f6 14. Be3 Nb7 15. Qd2 Nd6 16. Qc2 f5 17. exf5 Bxf5 18. Qd2 Bxb1 19. Rxb1 Qd7 20. Ng5 Rf5 21. Bg4 Raf8 22. Ne6 R8f7 23. Bxf5 gxf5 24. f3 Nc4 25. Qe2 Qxd5 26. Nxg7 Rxg7 27. Rd1 Qe6 28.
Rd8+ Kf7 29. Bh6 Rg6 30. Rf8+ Ke7 31. Qd3 Nd6 32. Ra8 Rxh6 33. Rxa7+ Kf6 34. g4 Rg6 35. Rxh7 e4 36. Qe3 exf3 37. Qxf3 Qe1+ 38. Kg2 Qd2+ 39. Kg1 Qc1+ 40. Kh2 Qb2+ 41. Kg1 Qa1+ 42.
Kh2 Qxa2+ 43. Kg1 Qb1+ 44. Kh2 Qc2+ 45. Kg3 Ne4+ 46. Kf4 Qd2+ 47. Qe3 Qd6+ 48. Kf3 Qg3+ 49. Ke2 Nxc3+ 50. Kd2 c4 51. Qxg3 Ne4+ 52. Ke3 Nxg3 53. g5+ Rxg5 54. Rh6+ Ke5 55. Rxb6 f4+ 56. Kf3 Ne4 57.
Rb5+ Kf6 58. Rb6+ Kf5 59. Rb5+ Ke6 60. Rb6+ Kd5 61. Rb5+ Kd4 62. Rxg5 Nxg5+ 63. Kxf4 c3 64. Kxg5 c2 65. h4 c1=Q+ 66. Kg6 Qc8 67. h5 Qh8 68. h6 Ke5 69. h7 Ke6 70. Kh6 Kf5 71. Kh5 Qxh7# 0-1

[Event "*** Titled Tuesday Blitz"]
[Site "Chess.com"]
[Date "2020.12.29"]
[Round "2"]
[White "ulkaf961"]
[Black "brunomorado"]
[Result "1-0"]
[WhiteElo "2255"]
[BlackElo "2424"]
[TimeControl "180+1"]
[EndTime "10:18:52 PST"]
[Termination "ulkaf961 won by resignation"]

1. d4 d5 2. c4 c6 3. cxd5 cxd5 4. Bf4 Nf6 5. Nc3 Nc6 6. e3 a6 7. Bd3 Bg4 8. Nge2 e6 9. O-O Bd6 10. Bxd6 Qxd6 11. f4 O-O 12. a3 Rac8 13. Qe1 Bxe2 14. Qxe2 b5 15. g4 Nd7 16. Rf3 f6 17. Rh3 g6 18.
Qf2 Qe7 19. f5 exf5 20. gxf5 g5 21. Nxd5 Qf7 22. e4 Rfd8 23. Bb1 Nf8 24. Ba2 Kh8 25. Nb6 Qa7 26. Nxc8 Rxc8 27. d5 Nd4 28. Rd1 Ne2+ 29.
Kf1 Qxf2+ 30. Kxf2 Nf4 31. Rc3 Re8 32. d6 Rxe4 33. d7 Nxd7 34. Rc8+ Kg7 35. Rxd7+ Kh6 36.
Rh8 g4 37. Be6 Re2+ 38. Kf1 Rxe6 39. fxe6 Nxe6 40. Rhxh7+ Kg5 41. Rhe7 Nf4 42. Ra7 Nd3 43. Rxa6 Nxb2 44. Rb7 Nc4 45. Rxb5+ Kh4 46. Rb4 Nd2+ 47. Ke2 Nf3 48. Rxf6 Nxh2 49. Rh6+ Kg3 50. Rxh2 Kxh2 51. Rxg4 1-0

[Event "*** Titled Tuesday Blitz"]
[Site "Chess.com"]
[Date "2020.12.29"]
[Round "2"]
[White "XDPS"]
[Black "vanyakuba"]
[Result "1-0"]
[WhiteElo "2716"]
[BlackElo "2486"]
[TimeControl "180+1"]
[EndTime "10:18:53 PST"]
[Termination "XDPS won by resignation"]

1. d4 d5 2. Bf4 Nf6 3. e3 c5 4.
Nf3 Nc6 5. Nbd2 Bg4 6. c3 e6 7. Qa4 Nd7 8. Ne5 Ndxe5 9. Bxe5 Bh5 10. Bb5 Qb6 11. dxc5 Bxc5 12. Nb3 Be7 13. Bxg7 Rg8 14.
Bd4 Qc7 15. g3 Bf3 16. O-O h5 17. Nd2 Bg4 18. Rfe1 h4 19. Bf1 e5 20. c4 Bd7 21.
Bc3 d4 22. exd4 exd4 23. Bb4 Ne5 24. Qa5 Qxa5 25. Bxa5 f6 26. Bg2 Nc6 27. Bxc6 Bxc6 28. Bb4 Rg7 29. Nb3 Kd7 30. Bxe7 Rxe7 31. Rxe7+ Kxe7 32.
Nxd4 Rd8 33. Rd1 Kf7 34. Kf1 Be4 35. Rd2 h3 36. f3 Bg6 37. Kf2 Bb1 38. a3 Ba2 39. c5 Bd5 40. b4 a5 41. Nf5 Ke6 42. Ne3 Rd7 43. Nxd5 Rxd5 44. Rxd5 Kxd5 45. g4 Kc4 46. f4 axb4 47. axb4 Kxb4 48. g5 fxg5 49. fxg5 Kxc5 50. g6 1-0

[Event "*** Titled Tuesday Blitz"]
[Site "Chess.com"]
[Date "2020.12.29"]
[Round "2"]
[White "andrewtnb"]
[Black "FlySooHigh"]
[Result "0-1"]
[WhiteElo "2365"]
[BlackElo "2652"]
[TimeControl "180+1"]
[EndTime "10:18:54 PST"]
[Termination "FlySooHigh won on time"]

1. d4 Nf6 2. Nf3 c5 3. c3 e6 4. Bg5 h6 5. Bh4 b6 6. e3 Bb7 7.
Nbd2 Be7 8. Bd3 cxd4 9. exd4 O-O 10. O-O d6 11. Re1 Nbd7 12. h3 Re8 13. a4 a6 14.
Bg3 Qc7 15. Nc4 Qc6 16. Ne3 Bf8 17. c4 Qc7 18. b3 a5 19. Rc1 Ne4 20. Bh2 Ndf6 21.
d5 exd5 22. Nxd5 Nxd5 23. cxd5 Nc5 24. Rxe8 Rxe8 25. Bc4 Bc8 26. Nd4 Qe7 27. Qd2 Qf6 28. Nb5 g6 29. Re1 Rxe1+ 30. Qxe1 Bd7 31. Bg3 h5 32.
Qe3 Kh7 33. Bf4 Bxb5 34. axb5 Bg7 35. Kh2 h4 36. Bg5 Qe5+ 37. Qxe5 Bxe5+ 38. f4 Bd4 39.
Bxh4 Kg7 40. Be7 Nb7 41. g4 f6 42. g5 Kf7 43. gxf6 Bxf6 44. Bxf6 Kxf6 45. Kg3 Nc5 46. Kg4 Ne4 47. h4 Nd2 48. h5 gxh5+ 49. Kxh5 Nxc4 50.
bxc4 a4 51. c5 dxc5 52. d6 a3 53. d7 Ke7 54. f5 a2 55. f6+ Kxd7 56. f7 Ke7 57. Kg6 a1=Q 0-1

[Event "*** Titled Tuesday Blitz"]
[Site "Chess.com"]
[Date "2020.12.29"]
[Round "2"]
[White "anon481216"]
[Black "Denis_Palkovich"]
[Result "0-1"]
[WhiteElo "2430"]
[BlackElo "2273"]
[TimeControl "180+1"]
[EndTime "10:18:54 PST"]
[Termination "Denis_Palkovich won on time"]

1. d4 d5 2. c4 Bf5 3. cxd5 Bxb1 4. Qa4+ Qd7 5. Qxd7+ Nxd7 6. Rxb1 Ngf6 7. Nf3 g6 8. g3 Bg7 9. Bg2 Nxd5 10. O-O c6 11. e4 N5b6 12. b4 O-O 13. Bf4 Rfe8 14. Rfd1 e5 15. dxe5 Nxe5 16. Nxe5 Bxe5 17. Bxe5 Rxe5 18.
f4 Re7 19. Rd4 Rd7 20. Rxd7 Nxd7 21. Rd1 Nb6 22. Kf2 Kf8 23. Ke3 f6 24. a4 a5 25.
bxa5 Rxa5 26. Rb1 Nc4+ 27. Kd3 Nd6 28. Rb4 Ke7 29. Rd4 Kd7 30. Kc3 Kc7 31. Kb3 Rc5 32. Rd1 b6 33. Re1 Nb7 34. e5 fxe5 35. fxe5 Kd7 36.
e6+ Ke7 37. Bh3 Nd6 38. Rf1 Rh5 39. Bg4 Rxh2 40. Rc1 c5 41. a5 c4+ 42. Kb4 bxa5+ 43.
Kxa5 Rg2 44. Rc3 h5 45. Bh3 Rb2 46. Ka6 Rb5 47. Bf1 Kxe6 48. Bxc4+ Kf6 0-1

[Event "*** Titled Tuesday Blitz"]
[Site "Chess.com"]
[Date "2020.12.29"]
[Round "2"]
[White "Salem-AR"]
[Black "Isajevsky_Anton"]
[Result "1-0"]
[WhiteElo "2930"]
[BlackElo "2587"]
[TimeControl "180+1"]
[EndTime "10:18:55 PST"]
[Termination "Salem-AR won on time"]

1. e4 c5 2. Nf3 d6 3. Bc4 Nf6 4. d3 e6 5. O-O Be7 6. Bb3 O-O 7. c3 b6 8. Re1 Bb7 9. Nbd2 Nbd7 10.
Nf1 Qc7 11. Ng3 Rfd8 12. h3 Ne5 13. d4 Nxf3+ 14. Qxf3 Rac8 15. Bf4 b5 16. a4 a6 17. axb5 axb5 18. d5 e5 19. Be3 g6 20. c4 b4 21. Ba4 Ra8 22. Bb5 Rxa1 23. Rxa1 Ra8 24.
Rxa8+ Bxa8 25. Qd1 Qa5 26. f3 Bb7 27. Nf1 Bc8 28.
g4 Kg7 29. Ng3 Bd7 30. g5 Bxb5 31. gxf6+ Bxf6 32. cxb5 Qxb5 33. b3 Qa6 34. Qc2 h5 35. Nf1 Qa1 36. Kg2 Bh4 37. Qe2 Qb1 38. Nd2 Qc2 39.
Kf1 Qc1+ 40. Kg2 Qc2 41. Qc4 Qd1 42. Qf1 Qc2 43. Qe2 Kh7 44. Qa6 Qd1 45. Qd3 Kg7 46.
Qf1 Qc2 47. Qb1 Qc3 48. Nc4 1-0

[Event "*** Titled Tuesday Blitz"]
[Site "Chess.com"]
[Date "2020.12.29"]
[Round "2"]
[White "Ajedrez_con_German"]
[Black "Vaathi_Coming"]
[Result "0-1"]
[WhiteElo "2537"]
[BlackElo "2830"]
[TimeControl "180+1"]
[EndTime "10:18:57 PST"]
[Termination "Vaathi_Coming won on time"]

1. Nf3 d5 2. g3 Nf6 3. Bg2 g6 4. O-O Bg7 5. d3 O-O 6. c3 a5 7.
a4 Nc6 8. Na3 e5 9. Qc2 h6 10.
e4 Be6 11. Nb5 Qd7 12. Re1 Rfe8 13. b3 Rad8 14. Ba3 Nh7 15. Rad1 Qc8 16. h4 f5 17. h5 g5 18. exd5 Bxd5 19. Nd2 Bxg2 20. Kxg2 Nf6 21. Rh1 Qd7 22. Nc4 f4 23. Qe2 g4 24. Kg1 f3 25. Qe3 e4 26. d4 Nd5 27. Qd2 Nce7 28. Rh4 Bf6 29. Bxe7 Nxe7 30. Qxh6 Bxh4 31. Ne5 Qf5 32.
gxh4 Rf8 33. Nxc7 Rf6 34. Qg5+ Qxg5 35. hxg5 Rf5 36. g6 Rxe5 37. Kh2 Rxh5+ 38. Kg3 Nxg6 39. Kxg4 Rh7 40. Ne6 Re8 41. Ng5 Rhe7 42. Kf5 Kg7 43. Rh1 Rf8+ 44. Kg4 Rf4+ 45. Kg3 Kf6 46. Nh7+ Kg7 47.
Ng5 Rf8 48. Rh7+ Kf6 49. Nh3 Rxh7 0-1

[Event "*** Titled Tuesday Blitz"]
[Site "Chess.com"]
[Date "2020.12.29"]
[Round "2"]
[White "Makswolf200817"]
[Black "Piacramling"]
[Result "0-1"]
[WhiteElo "2418"]
[BlackElo "2285"]
[TimeControl "180+1"]
[EndTime "10:18:58 PST"]
[Termination "Piacramling won by checkmate"]

1. d4 Nf6 2. c4 c5 3. d5 b5 4. cxb5 a6 5. bxa6 g6 6. Nc3 Bg7 7. g3 O-O 8. Bg2 d6 9. Nf3 Nxa6 10. O-O Bf5 11. Bg5 Ne4 12. Bd2 Qb6 13. Nh4 Nxc3 14.
Bxc3 Bxc3 15. bxc3 Bd7 16. e4 Qa5 17. Qc1 Nc7 18.
Qe3 Rab8 19. Nf3 Nb5 20. Rfc1 Na3 21. Qh6 f6 22. h4 Nc4 23. Bf1 Ne5 24. Nd2 Rb2 25.
Nc4 Nxc4 26. Bxc4 Rfb8 27. Qe3 Qa4 28. Bb3 Qa5 29. Qf3 Qa6 30. e5 fxe5 31. h5 Rf8 32.
Qe3 Re2 33. Qh6 Rfxf2 34. hxg6 Rg2+ 35. Kh1 Rh2+ 36. Qxh2 Rxh2+ 37. Kxh2 Qe2+ 38. Kg1 Qe3+ 39. Kg2 Bf5 40. gxh7+ Bxh7 41. Re1 Be4+ 42. Kh3 Qh6+ 43. Kg4 Qg6+ 44. Kh4 Qh6+ 45. Kg4 Bg6 46. Kf3 Bh5+ 47. Kg2 Qd2+ 48. Kg1 Bf3 49. Re2 Qxe2 50. Rf1 Qg2# 0-1

[Event "*** Titled Tuesday Blitz"]
[Site "Chess.com"]
[Date "2020.12.29"]
[Round "2"]
[White "joppie2"]
[Black "sokidze"]
[Result "1-0"]
[WhiteElo "2882"]
[BlackElo "2556"]
[TimeControl "180+1"]
[EndTime "10:19:00 PST"]
[Termination "joppie2 won on time"]

1. c4 c5 2. Nf3 Nc6 3. Nc3 e5 4. g3 g6 5. Bg2 Bg7 6. O-O Nge7 7.
d3 O-O 8. a3 d6 9. b4 e4 10.
Nxe4 Bxa1 11. Bf4 Bg7 12. Bxd6 cxb4 13. Bxb4 Nxb4 14. axb4 Nc6 15. b5 Nd4 16. Nfd2 Qc7 17. e3 Ne6 18. d4 Bd7 19. Nc3 a6 20. Nd5 Qd8 21. bxa6 Rxa6 22. Qb3 Bc6 23. Ne4 Ra8 24. Nec3 Ra7 25. Nb5 Bxb5 26. cxb5 Qa5 27. h4 Qa4 28.
Qd3 Qa3 29. Qc4 Qd6 30. Bf3 Raa8 31. Rc1 h5 32. Kg2 Kh8 33. Rc2 Rab8 34. Rc1 Qd7 35. Qd3 Kh7 36. Rc2 Rfe8 37. Nb6 Qd6 38. Nc4 Qe7 39. Bxh5 Rbc8 40. Bg4 Rcd8 41. h5 Qg5 42. hxg6+ fxg6 43. Bf3 Nc5 44. Qf1 Ne4 45. Na5 Re7 46. Nc4 Rf8 47. Qd3 Nf6 48. Ne5 Nd7 49. Ng4 Ref7 50.
Nh2 Nf6 51. b6 Nd5 52. Rc5 Rd7 53. Be4 Rdf7 54. Nf3 Qe7 55. Rxd5 Qe6 56. Ng5+ 1-0

[Event "*** Titled Tuesday Blitz"]
[Site "Chess.com"]
[Date "2020.12.29"]
[Round "2"]
[White "K_A_S_T_O_R"]
[Black "Keks2017"]
[Result "0-1"]
[WhiteElo "2820"]
[BlackElo "2557"]
[TimeControl "180+1"]
[EndTime "10:19:01 PST"]
[Termination "Keks2017 won by resignation"]

1. e4 d6 2. d4 Nf6 3. Nc3 e5 4.
Nf3 Nbd7 5. Bc4 Be7 6. O-O O-O 7.
Qe2 c6 8. Rd1 Qc7 9. a4 b6 10.
Ba2 a5 11. Bg5 Ba6 12. Bc4 Bxc4 13. Qxc4 Qb7 14. Bxf6 Bxf6 15. d5 c5 16. Nb5 Be7 17.
Nd2 Nf6 18. Qe2 Qd7 19. Nc4 Rab8 20. Ra3 Ne8 21. Rb3 g6 22. Rg3 Ng7 23. b3 f5 24.
Rgd3 f4 25. Nd2 g5 26. h3 h5 27. f3 Rf6 28. Rf1 Rg6 29. Kf2 g4 30. fxg4 Bh4+ 31. Kg1 hxg4 32. hxg4 Ne8 33. Rh3 Rxg4 34. Nf3 Bg3 35.
Rd1 Rg6 36. Kf1 Qg4 37. Ng1 Qd7 38. Qh5 Qg7 39. Nf3 Nf6 40. Qf5 Ng4 41. Rd3 Rf8 42. Qh5 Nf2 43. Nh4 Rh6 44. Qf3 Nxh3 45. Nf5 Rxf5 46.
exf5 Ng5 47. Qg4 e4 48. Rd1 Rh1+ 49. Ke2 f3+ 50. gxf3 exf3+ 51. Kd2 Rxd1+ 52. Kxd1 f2 53. Qe2 Qa1+ 54. Kd2 Bf4+ 55. Kd3 f1=Q 0-1

[Event "*** Titled Tuesday Blitz"]
[Site "Chess.com"]
[Date "2020.12.29"]
[Round "2"]
[White "dopolian"]
[Black "Lady_Nika"]
[Result "0-1"]
[WhiteElo "2450"]
[BlackElo "2289"]
[TimeControl "180+1"]
[EndTime "10:19:02 PST"]
[Termination "Lady_Nika won by resignation"]

1. Nf3 d5 2. c4 e6 3. b3 f5 4. d3 Nf6 5. Bb2 Bb4+ 6. Nbd2 O-O 7. a3 Bd6 8. e3 c6 9. Be2 Nbd7 10. Qc2 Qe7 11. b4 Rb8 12. O-O e5 13.
cxd5 cxd5 14. e4 fxe4 15. dxe4 dxe4 16. Nxe4 Nxe4 17. Qxe4 Nf6 18. Qh4 Bf5 19. Bc4+ Kh8 20. Rfe1 Rbe8 21. Nxe5 Qc7 22. Nf7+ Rxf7 23. Bxf7 Rxe1+ 24. Rxe1 Qxf7 25. Qd4 Be7 26. Qxa7 Bd6 27. Qa8+ Ng8 28.
Re8 Be6 29. Qd8 Bf4 30. g3 Bh6 31. Rf8 Qg6 32. Qd4 Qb1+ 33. Kg2 Qg6 34. Rf3 Qh5 35. Rd3 Bh3+ 36. Kg1 Qe2 37. Rd1 Qf3 38. Qd5 Qf8 39. Qd3 Bg4 40. Qd4 Bxd1 41. Qxd1 Bg5 42. Qd7 Qe7 43.
Qc8 Bf6 44. Bxf6 gxf6 45. Qb8 Qe1+ 46. Kg2 Qe4+ 47. Kg1 Qc6 48. Qf8 Qe6 49. Qb8 b6 50. Kg2 h5 51. h4 Kh7 52. Kg1 Ne7 53. Kg2 Ng6 54. Kg1 Ne5 55. Qc7+ Kh6 56. Qc1+ Kg6 57. Qc7 Nf3+ 58. Kg2 Ne1+ 59. Kf1 Nd3 60. Qc2 Qf5 61. Qd2 Ne5 62. Qe3 Ng4 63. Qxb6 Qf3 64. Ke1 Ne5 65. Qd4 Qh1+ 66. Kd2 Nf3+ 67. Ke3 Nxd4 68. Kxd4 Qf3 0-1